 Dungeon Crawl Stone Soup version 0.22.0-36-g8e74550 (webtiles) character file.

1318 glosham the Fighter (level 8, -1/78 HPs)
             Began as a Demigod Enchanter on Aug 23, 2018.
             Slain by an orc warrior
             ... wielding a +0 battleaxe
              (18 damage)
             ... on level 6 of the Dungeon on Aug 24, 2018.
             The game lasted 01:42:53 (8228 turns).

glosham the Fighter (Demigod Enchanter)             Turns: 8228, Time: 01:42:56

Health: -1/78      AC:  5    Str: 15    XL:     8   Next: 11%
Magic:  8/13       EV: 11    Int: 19    God:
Gold:   328        SH:  0    Dex: 16    Spells: 4/10 levels left

rFire    . . .     SeeInvis .   a - +3 short sword
rCold    + . .     Gourm    .   (no shield)
rNeg     . . .     Faith    .   X - +0 ring mail
rPois    .         Spirit   .   (no helmet)
rElec    .         Reflect  .   (no cloak)
rCorr    .         Harm     .   (no gloves)
MR       .....                  (no boots)
Stlth    ++........             (no amulet)
HPRegen  0.23/turn              (no ring)
MPRegen  0.13/turn              C - ring of protection from cold

@: very slightly contaminated
A: high mp 1
a: no special abilities


You were on level 6 of the Dungeon.
You were not hungry.

You visited 2 branches of the dungeon, and saw 7 of its levels.

You collected 328 gold pieces.

Inventory:

Hand Weapons
 a - a +3 short sword (weapon)
 b - a +0 hunting sling
 c - a +0 shortbow
 d - a +0 morningstar
 i - a +1 dagger
 t - a +1 dagger of pain
 v - a +0 flail
 y - a +0 hand axe of flaming
 F - a +0 halberd
 H - a +0 halberd
 I - a +0 spear of pain
Missiles
 g - 183 stones (quivered)
 j - 19 poisoned needles
 l - 18 sling bullets
 u - 40 bolts
 D - 156 arrows
Armour
 f - a +0 leather armour
 n - a +0 chain mail
 p - a +0 chain mail
 B - a +0 plate armour
 G - a +0 robe
 X - a +0 ring mail (worn)
Magical Staves
 x - an uncursed staff of summoning
Jewellery
 C - a ring of protection from cold (right hand)
Wands
 m - a wand of acid (2)
Scrolls
 h - a scroll of magic mapping
 k - 2 scrolls of teleportation
 o - a scroll of remove curse
 q - 4 scrolls of amnesia
Potions
 r - 3 potions of curing
 s - a potion of cancellation
 w - 3 potions of might {unknown}
 z - a potion of brilliance {unknown}
 A - a potion of magic {unknown}
Comestibles
 e - 7 rations
 E - 3 chunks of flesh


   Skills:
 * Level 9.2 Fighting
 - Level 0.8 Short Blades
 - Level 1.0 Armour
 - Level 1.7 Dodging
 - Level 2.6 Stealth
 - Level 1.7 Spellcasting
 - Level 2.6 Hexes


You had 4 spell levels left.
You knew the following spells:

 Your Spells              Type           Power        Failure   Level  Hunger
c - Confuse               Hex            ##......     34%         3    ###....
h - Ensorcelled Hibernat  Hex/Ice        #.....       30%         2    ###....
z - Corona                Hex            ##.....      12%         1    #......

Your spell library contained the following spells:

 Spells                   Type           Power        Failure   Level  Hunger
 Tukima's Dance           Hex            ##......     34%         3    ###....
 Dazzling Spray           Conj/Hex       #.....       52%         3    ###....


Dungeon Overview and Level Annotations

Branches:
Dungeon (6/15)             Temple (1/1) D:5


Innate Abilities, Weirdness & Mutations

You have an increased reservoir of magic. (+10% MP)


Message History

* * * LOW HITPOINT WARNING * * *
Okay, then.
Evoke which item? (* to show all) (? for menu, Esc to quit)
Aiming: Corrosive Bolt
Press: ? - help, Shift-Dir - straight line, f/p - orc priest
Aim: an orc priest, wielding a dagger The bolt of acid misses the orc warrior.
The bolt of acid hits the orc priest.
The orc priest is splashed with acid.
You kill the orc priest!
An orc priest comes into view. It is wielding a short sword.
The orc wizard mumbles some strange words.
The orc wizard flickers and vanishes!
Deactivating autopickup; reactivate with Ctrl-A.
The orc warrior barely misses you.
Evoke which item? (* to show all) (? for menu, Esc to quit)
Aiming: Corrosive Bolt
Press: ? - help, Shift-Dir - straight line, f - orc priest
Aim: an orc priest, wielding a short sword and wearing a leather armour The bolt of acid hits the orc warrior.
The orc warrior is splashed with acid.
The acid corrodes the orc warrior!
The orc warrior is heavily wounded.
The bolt of acid hits the orc priest.
The orc priest is splashed with acid.
The acid corrodes the orc priest!
The orc priest is heavily wounded.
The orc priest calls upon Beogh to heal the orc warrior.
The orc warrior is healed somewhat.
An iguana comes into view.
An orc warrior comes into view. It is wielding a long sword.
Evoke which item? (* to show all) (? for menu, Esc to quit)
Aiming: Corrosive Bolt
Press: ? - help, Shift-Dir - straight line, f/p - orc priest
Aim: an orc priest, wielding a short sword and wearing a leather armour (heavily wounded, covered in acid)
The bolt of acid hits the orc warrior.
The orc warrior is splashed with acid.
The orc warrior is almost dead.
The bolt of acid misses the orc priest.
The orc priest looks encouraged for a moment.
The orc wizard gestures wildly while chanting.
The orc wizard blinks!
The orc warrior hits you with a battleaxe!!
You die... .###########.l# ......ยง@o)o.{.# ##.######o###o# .# o# .# .. .# .#

You could see 2 orc warriors, an iguana, an orc priest and an orc wizard.

Vanquished Creatures
  2 sky beasts
  An ogre (D:4)
  2 phantoms
  2 centaurs
  2 howler monkeys
  2 centaur zombies (D:4)
  A hound (D:2)
  A bullfrog skeleton (D:5)
  4 orc priests
  A centaur skeleton (D:4)
  4 worker ants
  A hound zombie (D:4)
  A mummy (D:5)
  3 worker ant zombies
  6 adders
  4 gnolls
  A howler monkey skeleton (D:4)
  An ooze (D:3)
  An adder zombie (D:4)
  6 worms
  3 dart slugs
  3 leopard geckos
  6 orcs
  3 ball pythons
  4 giant cockroaches
  7 goblins
  5 hobgoblins
  14 jackals
  3 quokkas
  3 bats (D:1)
  2 frilled lizards
  A giant cockroach zombie (D:4)
  A hobgoblin zombie (D:5)
  A jackal skeleton (D:4)
  2 jackal zombies
  5 kobolds
  A leopard gecko skeleton (D:5)
  3 orc zombies (D:5)
  A quokka zombie (D:4)
  4 rats
  A bush (D:5)
119 creatures vanquished.

Notes
Turn   | Place    | Note
-------+----------+-------------------------------------------
     0 | D:1      | glosham the Demigod Enchanter began the quest for the Orb.
     0 | D:1      | Reached XP level 1. HP: 14/14 MP: 5/5
     6 | D:1      | Noticed a polar bear
     6 | D:1      | Noticed a swamp drake
    78 | D:1      | Reached skill level 1 in Fighting
   570 | D:1      | Reached XP level 2. HP: 21/23 MP: 4/7
   600 | D:1      | Learned a level 2 spell: Ensorcelled Hibernation
   833 | D:1      | Reached skill level 2 in Fighting
  1597 | D:1      | Reached XP level 3. HP: 25/30 MP: 1/8
  2024 | D:2      | Found a radiant altar of Vehumet.
  2024 | D:2      | Found a shimmering altar of Xom.
  2024 | D:2      | Found a sparkling altar of Nemelex Xobeh.
  2050 | D:2      | Found a glowing golden altar of the Shining One.
  2056 | D:2      | HP: 3/30 [poisoned by an adder]
  2064 | D:2      | HP: 2/30 [poisoned by an adder]
  2461 | D:2      | Reached skill level 3 in Fighting
  2655 | D:2      | Reached skill level 1 in Armour
  2770 | D:2      | Reached XP level 4. HP: 29/40 MP: 1/9
  3337 | D:3      | Reached skill level 4 in Fighting
  3465 | D:2      | Learned a level 3 spell: Confuse
  3672 | D:3      | Reached XP level 5. HP: 47/47 MP: 10/10
  4266 | D:4      | Found a burning altar of Makhleb.
  4541 | D:4      | Reached skill level 5 in Fighting
  4957 | D:4      | Reached XP level 6. HP: 56/56 MP: 2/11
  5701 | D:4      | Reached skill level 6 in Fighting
  5906 | D:5      | Entered Level 5 of the Dungeon
  5908 | D:5      | Upgraded the game from 0.22.0-32-gbc6daba to 0.22.0-36-g8e74550
  6175 | D:4      | Reached skill level 7 in Fighting
  6175 | D:4      | Reached XP level 7. HP: 50/66 MP: 12/12
  6649 | D:5      | Reached skill level 8 in Fighting
  7527 | D:5      | Reached XP level 8. HP: 77/77 MP: 11/13
  7699 | D:5      | Found a staircase to the Ecumenical Temple.
  7711 | D:5      | Found a white marble altar of Elyvilon.
  7739 | Temple   | Entered the Ecumenical Temple
  7905 | Temple   | Reached skill level 9 in Fighting
  8117 | D:5      | Found a basalt altar of Yredelemnul.
  8228 | D:6      | Slain by an orc warrior

Skill      XL: |  1  2  3  4  5  6  7  8 |
---------------+-------------------------+-----
Fighting       | 1 2 3 4 5 7 8 9 |  9.2
Armour         | 1 |  1.0
Short Blades   | |  0.8
Dodging        | |  1.7
Stealth        | |  2.6
Spellcasting   | |  1.7
Hexes          | |  2.6

Action                   |  1- 3 |  4- 6 |  7- 9 || total
-------------------------+-------+-------+-------++-------
Melee: Dagger            |   124 |   106 |       ||   230
       Short sword       |       |    87 |   154 ||   241
       Hand axe          |       |       |    77 ||    77
 Fire: Hunting sling     |    35 |    57 |    54 ||   146
Throw: Throwing net      |       |     1 |       ||     1
 Cast: Corona            |    46 |    52 |    45 ||   143
       Ensorcelled Hiber |    18 |    16 |       ||    34
Evoke: Wand              |       |     3 |     6 ||     9
  Use: Scroll            |     3 |     6 |     2 ||    11
 Stab: Sleeping          |    10 |     9 |     1 ||    20
  Eat: Chunk             |     5 |    13 |     8 ||    26
       Ration            |     1 |       |       ||     1
Armor: Robe              |    26 |       |       ||    26
       Leather armour    |     1 |       |       ||     1
       Ring mail         |       |    63 |    39 ||   102
Dodge: Dodged            |   106 |   128 |    94 ||   328

Table legend:
 A = Turns spent in this place as a percentage of turns spent in the entire game.
 B = Non-inter-level travel turns spent in this place as a percentage of non-inter-level travel turns spent in the entire game.
 C = Inter-level travel turns spent in this place as a percentage of turns spent in this place.
 D = Turns resting spent in this place as a percentage of non-inter-level travel turns spent in this place.
 E = Turns spent auto-exploring this place as a percentage of non-inter-level travel turns spent in this place.
 F = Non-inter-level travel turns spent in this place divided by the number of levels of this place that you've seen.
                   A       B       C       D       E      F
               +-------+-------+-------+-------+-------+----------------------
         Total | 100.0 | 100.0 |   6.9 |  37.9 |   2.6 | 1094.9
       Dungeon |  97.0 |  96.8 |   7.1 |  37.6 |   2.7 | 1236.7
        Temple |   3.0 |   3.2 |   0.0 |  47.5 |   0.0 | 244.0
               +-------+-------+-------+-------+-------+----------------------

Table legend:
 A = Kills in this place as a percentage of kills in entire the game.
 B = Kills by you in this place as a percentage of kills by you in the entire game.
 C = Kills by friends in this place as a percentage of kills by friends in the entire game.
 D = Other kills in this place as a percentage of other kills in the entire game.
 E = Experience gained in this place as a percentage of experience gained in the entire game.
 F = Experience gained in this place divided by the number of levels of this place that you have seen.
                   A       B       C       D       E      F
               +-------+-------+-------+-------+-------+----------------------
         Total | 100.0 | 100.0 |   N/A |   N/A | 100.0 | 269.0
       Dungeon |  95.8 |  95.8 |   N/A |   N/A |  95.3 | 299.2
        Temple |   4.2 |   4.2 |   N/A |   N/A |   4.7 |  88.0
               +-------+-------+-------+-------+-------+----------------------

Vault maps used:
D:1:      onia_arrival_zoo_common
D:2:      chequers_temple_overflow_statue_of_worship
D:4:      old_standard_altar, first_ration, serial_undead, serial_undead_f,
          serial_undead_c, serial_undead_c, serial_undead_b
D:5:      kennysheep_mini, yredelemnul_altar_generic,
          minmay_temple_entry_enclosed_plants, minmay_mini_ossuary
D:6:      grunt_temple_overflow_growth_and_decay, tgw_trog,
          kennysheep_generic_room_7
Temple:   compressed_dpeg_circular_temple
